 Dungeon Crawl Stone Soup version 0.32-a0-329-ge6c31236d6 (webtiles) character file.

Game seed: 5690217690862943541

138 timneilson the Ruffian (level 5, -4/34 HPs)
             Began as an Octopode Shapeshifter on Feb 16, 2024.
             Slain by Sigmund
             ... wielding a +1 antimagic scythe
              (5 damage)
             ... on level 3 of the Dungeon.
             The game lasted 00:03:56 (1486 turns).

timneilson the Ruffian (Octopode Shapeshifter)      Turns: 1486, Time: 00:03:56

Health: -4/34      AC:  1    Str: 15    XL:     5   Next: 21%
Magic:  0/5        EV: 13    Int: 12    God:
Gold:   170        SH:  0    Dex: 12    Spells: 4/4 levels left

rFire   . .          .
                       - Unarmed
rCold   . . .        (no shield)
rNeg    . . .        (helmet currently unavailable)
rPois   .            (no amulet)
rElec   .            (no ring)
rCorr   .            (no ring)
SInv    .            (no ring)
Will    .....        (no ring)
Stlth   +++          (no ring)
HPRegen 0.25/turn    (no ring)
MPRegen 0.09/turn    (no ring)
                     (no ring)

%: no passive effects
@: beast-form
A: beast (slay +2), almost no armour, amphibious, 8 rings, camouflage 1,
gelatinous body 1, (nimble swimmer 1), tentacles
a: Begin Untransformation


You were on level 3 of the Dungeon.
You were a hulking beast.
You visited 1 branch of the dungeon, and saw 3 of its levels.

You collected 170 gold pieces.

Inventory:

Talismans
 b - a beast talisman (active)
 c - a flux talisman
Wands
 e - a wand of quicksilver (9)
Scrolls
 h - a scroll of noise {unknown}
 i - 2 scrolls of enchant armour
Potions
 a - a potion of lignification
 d - a potion of degeneration {unknown}
 f - a potion of mutation {unknown}
 g - a potion of heal wounds {unknown}
 j - a potion of enlightenment {unknown}
 k - a potion of curing {unknown}


   Skills:
 * Level 2.2 Fighting
 * Level 2.9 Dodging
 + Level 2.0 Stealth
 * Level 3.9 Unarmed Combat
 + Level 0.0 Evocations
 * Level 3.5 Shapeshifting


You had 4 spell levels left.
You didn't know any spells.
Your spell library contained the following spells:

 Spells                   Type           Power      Damage    Failure   Level
 Blink                    Tloc           0%         N/A       45%         2
 Lesser Beckoning         Tloc           0%         N/A       45%         2
 Momentum Strike          Conj/Tloc      0%         3d8       45%         2


Dungeon Overview and Level Annotations

Branches:
Dungeon (3/15)

Altars:

Annotations:
D:3 Sigmund


Innate Abilities, Weirdness & Mutations

You are a hulking beast.
Your limbs bulge with bestial killing power. (Slay +2)
You cannot wear most types of armour.
You are amphibious.
You can wear up to eight rings at the same time.
Your skin changes colour to match your surroundings (Stealth+).
Your rubbery body absorbs attacks. (AC +1, EV +1)
((You are camouflaged when in or above water. (Stealth+)))
You have tentacles for arms and can constrict up to eight enemies at once.


Message History

You hear the slow rusting of a drain nearby.
The helpless ball python fails to defend itself.
You bludgeon the ball python!
You kill the ball python!
Found a rapier.
You see here a ball python corpse.
You see here a +0 club.
A goblin comes into view. It is wielding a +0 dagger.
The goblin shouts!
You bludgeon the goblin!
You kill the goblin!
Found a stone staircase leading up.
Things that are here:
a +0 dagger; a goblin corpse
Found a bubbling brown potion.
Sigmund the Dreaded comes into view.
He is wielding a +1 antimagic scythe.
Sigmund shouts!
Sigmund casts a spell at you. You resist with some effort.
You hear the rusting of a drain.
There is a stone staircase leading up here.
k - a bubbling brown potion Sigmund barely misses you.
You tentacle-slap Sigmund. Your grab misses Sigmund.
Sigmund is lightly wounded.
Sigmund mumbles some strange words.
Sigmund flickers and vanishes!
Deactivating autopickup; reactivate with Ctrl-A.
You closely miss something. Your squeeze misses something.
You hear some strange, mumbled words.
A magic dart appears from out of thin air!
The magic dart hits you!
You tentacle-slap something. Your squeeze misses something. Something hits you!
You feel your power leaking away.
You tentacle-slap something. Something hits you!
* * * LOW HITPOINT WARNING * * *
You feel your power leaking away.
You tentacle-slap something. You barely miss something.
Your squeeze misses something. Something hits you.
You die...

#.# # #.#...#.# #..†..#####
#.###... ........## #.♣.♣..#..
##...>..# ##.......# ##.._...#.#
...# ####.#####.# #..♣.♣..#.##
##.# ... # ####.###...........
#.# ..#.##.##......#..##...#.##
#.##...........##<#.##.###..#.##
#.<....# #.....#..~~### ####...
####.....##...{h..~~..~~~ ####
.#####.###.###..≈≈≈≈ .. @ #.#
###### ## ... .... .....#
......# .......#


There were no monsters in sight!

Vanquished Creatures
  Jessica (D:3)
  An adder (D:2)
  11 ball pythons
  5 bats
  7 endoplasms
  2 giant cockroaches
  9 goblins
  7 hobgoblins
  4 jackals (D:2)
  4 quokkas
  A frilled lizard (D:1)
  A kobold (D:3)
  2 rats
55 creatures vanquished.

Notes
Turn   | Place    | Note
-------+----------+-------------------------------------------
     0 | D:1      | timneilson the Octopode Shapeshifter began the quest for
                  | the Orb.
     0 | D:1      | Reached XP level 1. HP: 13/13 MP: 1/1
   107 | D:1      | Reached XP level 2. HP: 18/18 MP: 2/2
   208 | D:1      | Reached skill level 1 in Stealth
   227 | D:1      | Reached XP level 3. HP: 19/23 MP: 3/3
   755 | D:2      | Reached XP level 4. HP: 29/29 MP: 4/4
  1270 | D:3      | Noticed Jessica
  1277 | D:3      | Killed Jessica
  1278 | D:3      | Reached XP level 5. HP: 33/34 MP: 5/5
  1423 | D:3      | Found a faded altar of an unknown god.
  1474 | D:3      | Noticed Sigmund
  1484 | D:3      | HP: 1/34 [something (12)]
  1486 | D:3      | Slain by Sigmund

Illustrated notes

Levels and vault maps discovered:
D:1:      dpeg_arrival_shelter, layout_basic
D:2:      layout_loops_ring, minmay_tromino_v7
D:3:      layout_loops_cross, chequers_ecumenical_altar_simple,
          gup_sewer_entry_pipe, grunt_decor_cap, uniq_sigmund, uniq_natasha,
          uniq_jessica

Skill      XL: |  1  2  3  4 |
---------------+-------------+-----
Stealth        | 1 2 |  2.0
Fighting       | 2 |  2.2
Dodging        | |  2.9
Unarmed Combat | |  3.9
Shapeshifting  | |  3.5

Action                     |  1- 3 |  4- 6 || total
---------------------------+-------+-------++-------
  Melee: Unarmed           |    42 |    54 ||    96
         Constrict         |    13 |    12 ||    25
         Tentacles         |     7 |     9 ||    16
         Punch             |     1 |     1 ||     2
    Use: Scroll            |     3 |     2 ||     5
   Stab: Sleeping          |     4 |     3 ||     7
 Armour: Skin              |    10 |    20 ||    30
  Dodge: Dodged            |    21 |    28 ||    49

Table legend: (Time is in decaauts)
 A = Elapsed time spent in this place.
 B = Non-inter-level travel time spent in this place.
 C = Inter-level travel time spent in this place.
 D = Time resting spent in this place.
 E = Time spent auto-exploring this place.
 F = Levels seen in this place.
 G = Mean time per level.
                   A        B        C        D        E       F      G
               +--------+--------+--------+--------+--------+-----+--------+
         Total |   1479 |   1431 |     48 |     25 |    883 |   3 |  493.0 |
       Dungeon |   1479 |   1431 |     48 |     25 |    883 |   3 |  493.0 |
               +--------+--------+--------+--------+--------+-----+--------+

Top non-repeatable levels by time:
     D:2: 658 daAuts
     D:1: 557 daAuts
     D:3: 262 daAuts
